 Dungeon Crawl Stone Soup version 0.23.2-1-ga50397a6bc (webtiles) character file.

Game seed: 2916873307127063410

79 Mrkan the Cudgeler (level 4, -2/35 HPs)
             Began as a Formicid Abyssal Knight on May 22, 2019.
             Was a Believer of Lugonu.
             Slain by a gnoll
             ... wielding a +0 spear
              (3 damage)
             ... on level 2 of the Dungeon.
             The game lasted 00:03:18 (1779 turns).

Mrkan the Cudgeler (Formicid Abyssal Knight)        Turns: 1779, Time: 00:03:19

Health: -2/35      AC:  3    Str: 17    XL:     4   Next: 64%
Magic:  6/6        EV: 11    Int: 12    God:    Lugonu [**....]
Gold:   31         SH:  0    Dex: 10    Spells: 3/3 levels left

rFire    . . .     SeeInvis +   a - +1 mace
rCold    . . .     Gourm    .   (no shield)
rNeg     . . .     Faith    .   b - +0 leather armour
rPois    .         Spirit   .   (helmet unavailable)
rElec    .         Reflect  .   (no cloak)
rCorr    .         Harm     .   (no gloves)
MR       .....                  (no boots)
Stlth    +.........             (no amulet)
HPRegen  0.11/turn              (no ring)
MPRegen  0.10/turn              (no ring)

@: no status effects
A: permanent stasis, dig shafts and tunnels, four strong arms, antennae 3
a: Dig, Shaft Self, Depart the Abyss, Bend Space, Renounce Religion


You were on level 2 of the Dungeon.
You worshipped Lugonu.
Lugonu was pleased with you.
You were not hungry.

You visited 1 branch of the dungeon, and saw 2 of its levels.
You visited the Abyss 1 time.

You collected 31 gold pieces.

Inventory:

Hand Weapons
 a - a +1 mace (weapon)
Armour
 b - a +0 leather armour (worn)
Scrolls
 d - a scroll of enchant weapon {unknown}
 f - 4 scrolls of remove curse {unknown}
 g - a scroll of fear {unknown}
 h - a scroll of teleportation {unknown}
 i - 2 scrolls of identify {unknown}
 k - a scroll of enchant armour {unknown}
Potions
 e - 3 potions of heal wounds {unknown}
 j - a potion of flight {unknown}
Comestibles
 c - 4 rations
 l - 3 chunks of flesh


   Skills:
 - Level 3.2 Fighting
 * Level 3.8 Maces & Flails
 - Level 2.1 Armour
 - Level 0.8 Dodging
 + Level 3.4 Invocations


You had 3 spell levels left.
You didn't know any spells.
Your spell library was empty.

Dungeon Overview and Level Annotations

Branches:
Dungeon (2/15)

Altars:
Makhleb


Innate Abilities, Weirdness & Mutations

You cannot be hasted, slowed, berserked, paralysed or teleported.
You can dig through walls and to a lower floor.
Your four strong arms can wield two-handed weapons with a shield.
You have a pair of large antennae on your head. (SInv)


Message History

The gnoll hits you with a +0 spear. The gnoll barely misses you.
The gnoll hits you but does no damage. The worm bites you!
* * * LOW HITPOINT WARNING * * *
You hit the gnoll.
The gnoll is heavily wounded.
The gnoll misses you. The gnoll barely misses you.
You hit the gnoll.
The gnoll is severely wounded.
The gnoll hits you from afar with a +0 spear.
* * * LOW HITPOINT WARNING * * *
The gnoll barely misses you. The worm bites you but does no damage.
You closely miss the gnoll.
The gnoll is severely wounded.
The gnoll hits you but does no damage. The gnoll closely misses you.
The worm bites you but does no damage.
You sock the gnoll!
You kill the gnoll!
Lugonu accepts your kill.
The gnoll hits you from afar with a +0 spear.
You die...

#..# #..# #..#
#.###..##
#...g<.)#####
....?..#.......#
.###.#.#g#.###.#
.. ..#w#.# ##
.#.#@#.#
#.....).#.#
#.#.#.###.# #.
... .# #.. #..
.. ##.


You could see a worm and 2 gnolls.

Vanquished Creatures
  2 gnolls (D:2)
  3 adders (D:2)
  2 dart slugs (D:1)
  2 bats
  2 goblins
  5 hobgoblins (D:1)
  4 jackals (D:1)
  6 kobolds
  3 rats
29 creatures vanquished.

Notes
Turn   | Place    | Note
-------+----------+-------------------------------------------
     0 | Abyss:1  | Mrkan the Formicid Abyssal Knight began the quest for the
                  | Orb.
     0 | Abyss:1  | Reached XP level 1. HP: 18/18 MP: 2/2
    41 | D:1      | Escaped the Abyss
   418 | D:1      | Reached XP level 2. HP: 16/24 MP: 3/3
   642 | D:1      | Reached XP level 3. HP: 22/29 MP: 5/5
   990 | D:2      | Noticed a phantom
  1268 | D:2      | Reached ** piety under Lugonu
  1287 | D:2      | Reached XP level 4. HP: 23/35 MP: 6/6
  1645 | D:2      | Found a burning altar of Makhleb.
  1777 | D:2      | HP: 1/35 [gnoll/+0 spear (5)]
  1779 | D:2      | Slain by a gnoll

Skill      XL: |  1  2  3 |
---------------+----------+-----
Maces & Flails | 3 |  3.8
Invocations    | 3 |  3.4
Fighting       | |  3.2
Armour         | |  2.1
Dodging        | |  0.8

Action                   |  1- 3 |  4- 6 || total
-------------------------+-------+-------++-------
Melee: Mace              |    89 |    30 ||   119
  Eat: Ration            |       |     1 ||     1
Armor: Leather armour    |    23 |    15 ||    38
Dodge: Dodged            |    72 |    19 ||    91
